 Dungeon Crawl Stone Soup version 0.31-a0-167-g1c394c0614 (webtiles) character file.

Game seed: 1464621483243636475

89 qw the Shooter (level 4, -3/28 HPs)
             Began as a Gargoyle Hunter on June 14, 2023.
             Slain by a goblin
             ... wielding a +0 dagger
             ... led by Robin
              (5 damage)
             ... on level 3 of the Dungeon.
             The game lasted 00:00:44 (1658 turns).

qw the Shooter (Gargoyle Hunter)                    Turns: 1658, Time: 00:00:45

Health: -3/28      AC:  8    Str: 15    XL:     4   Next: 55%
Magic:  4/4        EV: 11    Int:  9    God:
Gold:   13         SH:  0    Dex: 15    Spells: 3/3 levels left

rFire   . . .        Y - +0 shortbow
rCold   + . .        (shield currently unavailable)
rNeg    + . .        a - +0 ring mail
rPois   inf          (no helmet)
rElec   +            (no cloak)
rCorr   .            (no gloves)
SInv    .            (no boots)
Will    .....        (no amulet)
Stlth   +            f - ring of protection from cold
HPRegen 0.24/turn    (no ring)
MPRegen 0.09/turn

%: no passive effects
@: about to teleport
A: sickness immunity, AC +3, negative energy resistance 1, electricity
resistance, torment resistance 1, petrification resistance
a: no special abilities


You were on level 3 of the Dungeon.
You visited 1 branch of the dungeon, and saw 3 of its levels.

You collected 43 gold pieces.
You spent 30 gold pieces at shops.


Innate Abilities, Weirdness & Mutations

You are immune to sickness and miasma.
Your stone body is resilient. (AC +3)
You are immune to poison.
You resist negative energy. (rN+)
You are resistant to electric shocks. (rElec)
You are resistant to unholy torment.
You are immune to petrification.


   Skills:
 - Level 3.0 Fighting
 + Level 5.3 Ranged Weapons
 - Level 1.2 Armour
 - Level 1.5 Dodging
 - Level 1.1 Stealth


You had 3 spell levels left.
You didn't know any spells.
Your spell library was empty.

Inventory:

Hand Weapons
 Y - a +0 shortbow (weapon)
Armour
 a - a +0 ring mail (worn)
Jewellery
 f - a ring of protection from cold (left hand)
 i - a ring of fire
Scrolls
 b - a scroll of identify
Potions
 e - a potion of ambrosia {unknown}
 h - a potion of heal wounds {unknown}

Dungeon Overview and Level Annotations

Branches:
Dungeon (3/15)

Altars:

Shops:
D:1 (   D:2 *

Annotations:
D:3 1 runed translucent door, qw's ghost, amateur GrFi


Message History

You shoot an arrow. The arrow hits Robin.
You kill Robin!
The goblin no longer looks unusually strong. x2
The goblin barely misses you. The goblin hits you but does no damage.
Your Armour skill increases to level 1!
You shoot an arrow. The arrow closely misses the goblin.
The arrow hits the goblin.
The goblin is severely wounded.
The goblin hits you with a +0 dagger. The goblin hits you but does no damage.
The goblin hits you with a +0 club. The goblin closely misses you.
The goblin completely misses you. The goblin hits you with a +0 club.
You shoot an arrow. The arrow hits the goblin.
The goblin is severely wounded.
The goblin hits you with a +0 dagger. The goblin closely misses you.
The goblin hits you but does no damage.
You shoot an arrow. The arrow hits the goblin.
You kill the goblin!
The goblin hits you but does no damage. The goblin hits you with a +0 club.
You shoot an arrow. The arrow barely misses the goblin.
The arrow hits the goblin!
You kill the goblin!
The goblin closely misses you. x3
You shoot an arrow. The arrow hits the goblin.
You kill the goblin!
The goblin hits you but does no damage. x3; The goblin barely misses you.
You shoot an arrow. The arrow hits the goblin.
The goblin is heavily wounded.
The goblin hits you but does no damage. The goblin hits you with a +0 dagger.
1656 ||| READING scroll of teleportation.
As you read the scroll of teleportation, it crumbles to dust.
You feel strangely unstable.
The goblin hits you but does no damage. x2
You shoot an arrow. The arrow hits the goblin.
You kill the goblin!
The goblin completely misses you.
You shoot an arrow. The arrow hits the quokka.
The quokka is heavily wounded.
The quokka closely misses you. The goblin hits you with a +0 dagger.
The quokka bites you. The goblin hits you with a +0 dagger.
You die...

.## .># ##.#
... #.# #.##
#<.#
####.g####
#....r@))#
###.######)#
##...# ..
###.## ##
~(~~WS+.#
#######.#
##..# ####


You could see a quokka and a goblin (strong).

Vanquished Creatures
  Robin (D:3)
  An adder (D:2)
  4 dart slugs
  4 endoplasms
  3 giant cockroaches (D:2)
  8 goblins (D:3)
  4 hobgoblins
  7 jackals
  3 quokkas (D:1)
  2 ball pythons
  4 bats
  8 frilled lizards
  4 kobolds
  4 rats
57 creatures vanquished.

Notes
Turn   | Place    | Note
-------+----------+-------------------------------------------
     0 | D:1      | qw the Gargoyle Hunter began the quest for the Orb.
     0 | D:1      | Reached XP level 1. HP: 12/12 MP: 1/1
     0 | D:1      | 0 ||| qw: Version: 0.2-a-29-g1fa15c8
     0 | D:1      | 0 ||| qw: Game counter: 4932
     0 | D:1      | 0 ||| qw: Always use a shield: true
     0 | D:1      | 0 ||| qw: God list: Okawaru
     0 | D:1      | 0 ||| qw: Allow faded altars: false
     0 | D:1      | 0 ||| qw: Do Orc after D:15 true
     0 | D:1      | 0 ||| qw: Do second Lair branch before Depths: true
     0 | D:1      | 0 ||| qw: Lair rune preference: random
     0 | D:1      | 0 ||| qw: Plans: Normal, Zot:1-4, Slime:5, God:TSO, Crypt,
                  | Tomb, Abyss, Pan, Hells, Win
     0 | D:1      | 0 ||| PLANNING D:1-11
    21 | D:1      | Found Suviuzor's Antique Weapon Shoppe.
    90 | D:1      | 90 ||| FLEEEEING.
    91 | D:1      | 91 ||| FLEEEEING.
    94 | D:1      | Reached XP level 2. HP: 16/17 MP: 2/2
   249 | D:1      | Reached XP level 3. HP: 14/21 MP: 3/3
   434 | D:1      | Reached skill level 5 in Ranged Weapons
   816 | D:1      | 816 ||| UPGRADING to ring of protection from cold.
   817 | D:1      | 817 ||| READING scroll labelled VOGIRY OS WOE.
   818 | D:1      | 818 ||| READING scroll labelled YVAOTHRUREK.
   819 | D:1      | 819 ||| READING scroll labelled VIMMY POJAM.
   820 | D:1      | 820 ||| DROPPING scroll of butterflies.
   918 | D:2      | Found Meilog's General Store.
   922 | D:2      | 922 ||| BUYING scroll of teleportation (30 gold).
   922 | D:2      | Bought a scroll of teleportation for 30 gold pieces
  1309 | D:2      | Reached skill level 3 in Fighting
  1339 | D:2      | Reached XP level 4. HP: 28/28 MP: 4/4
  1492 | D:2      | 1492 ||| UPGRADING to +0 ring mail.
  1502 | D:2      | 1502 ||| DROPPING +0 leather armour.
  1503 | D:2      | 1503 ||| READING scroll labelled IFYTIN HAANNE.
  1504 | D:2      | 1504 ||| READING 2 scrolls labelled PUAGAY JASO.
  1505 | D:2      | 1505 ||| READING scroll labelled PINEMONGO PASA.
  1606 | D:2      | 1606 ||| DROPPING scroll of immolation.
  1620 | D:3      | Found a runed translucent door.
  1623 | D:3      | Noticed qw's ghost (amateur GrFi)
  1636 | D:3      | Noticed Robin
  1649 | D:3      | Killed Robin
  1650 | D:3      | Reached skill level 1 in Armour
  1655 | D:3      | HP: 7/28 [goblin/+0 dagger[Robin] (5)]
  1656 | D:3      | 1656 ||| READING scroll of teleportation.
  1658 | D:3      | HP: 2/28 [quokka (3)]
  1658 | D:3      | Slain by a goblin

Levels and vault maps discovered:
D:1:      sevenhm_arrival_forest_fort_small_3, layout_basic, serial_shops, shop
D:2:      layout_loops_ring, serial_shops, nicolae_shop_back_alley_shop
D:3:      layout_rooms, serial_shops, shop, ebering_ghost_sewer_d, uniq_robin

Skill      XL: |  1  2  3  4 |
---------------+-------------+-----
Ranged Weapons | 5 |  5.3
Fighting       | 3 |  3.0
Armour         | 1 |  1.2
Dodging        | |  1.5
Stealth        | |  1.1

Action                     |  1- 3 |  4- 6 || total
---------------------------+-------+-------++-------
   Fire: Shortbow          |   147 |    42 ||   189
    Use: Scroll            |     3 |     4 ||     7
 Armour: Leather armour    |    22 |     1 ||    23
         Ring mail         |       |    23 ||    23
  Dodge: Dodged            |    51 |    25 ||    76

Table legend:
 A = Non-vault XP
 B = Vault XP
 C = Vault XP percentage of total XP
 D = Non-vault monster count
 E = Vault monster count
 F = Vault count percentage of total count
                 A         B        C        D         E       F
            +---------+---------+-------+---------+---------+-------
      Total |      96 |      32 |  25.0 |      48 |       9 |  15.8
            +---------+---------+-------+---------+---------+-------
        D:1 |      43 |       0 |   0.0 |      27 |       0 |   0.0
        D:2 |      53 |       0 |   0.0 |      21 |       0 |   0.0
        D:3 |       0 |      32 | 100.0 |       0 |       9 | 100.0
            +---------+---------+-------+---------+---------+-------
